 Dungeon Crawl Stone Soup version 0.30-a0-371-gad7725a93e (webtiles) character file.

Game seed: 841331775252902702

84 bande the Covered (level 4, -3/29 HPs)
             Began as a Gargoyle Fighter on Nov 23, 2022.
             Killed from afar by Terence (4 damage)
             ... with a bolt of dispelling energy
             ... on level 2 of the Dungeon.
             The game lasted 00:01:39 (1201 turns).

bande the Covered (Gargoyle Fighter)                Turns: 1201, Time: 00:01:40

Health: -3/29      AC: 11    Str: 19    XL:     4   Next: 45%
Magic:  4/4        EV:  9    Int:  9    God:
Gold:   92         SH:  4    Dex: 11    Spells: 3/3 levels left

rFire   . . .      SeeInvis .    a - +0 war axe
rCold   . . .      Faith    .    c - +0 buckler
rNeg    + . .      Spirit   .    b - +0 scale mail
rPois   ∞          Reflect  .    (no helmet)
rElec   +          Harm     .    h - +0 cloak
rCorr   .          Rampage  .    (no gloves)
Will    .....                    (no boots)
Stlth   ..........               (no amulet)
HPRegen 0.24/turn                g - ring of flight
MPRegen 0.09/turn                (no ring)

@: flying
A: sickness immunity, AC +3, negative energy resistance 1, electricity
resistance, torment resistance 1, petrification resistance
a: no special abilities


You were on level 2 of the Dungeon.
You visited 1 branch of the dungeon, and saw 3 of its levels.

You collected 92 gold pieces.

Inventory:

Hand Weapons
 a - a +0 war axe (weapon)
Armour
 b - a +0 scale mail (worn)
 c - a +0 buckler (worn)
 h - a +0 cloak (worn)
Jewellery
 g - a ring of flight (left hand)
Scrolls
 e - a scroll of amnesia {unknown}
 f - 3 scrolls of identify {unknown}
 i - a scroll of magic mapping {unknown}
 j - a scroll of summoning {unknown}
Potions
 d - a potion of might


   Skills:
 + Level 3.8 Fighting
 + Level 3.0 Axes
 + Level 4.0 Armour
 + Level 3.6 Shields


You had 3 spell levels left.
You didn't know any spells.
Your spell library was empty.

Dungeon Overview and Level Annotations

Branches:
Dungeon (3/15)

Altars:

Annotations:
D:2 Terence


Innate Abilities, Weirdness & Mutations

You are immune to sickness and miasma.
Your stone body is resilient. (AC +3)
You are immune to poison.
You resist negative energy. (rN+)
You are resistant to electric shocks. (rElec)
You are resistant to unholy torment.
You are immune to petrification.


Message History

You slash Natasha!
Natasha is heavily wounded.
Natasha claws you. Natasha completely misses you.
Unknown command.
You barely miss Natasha.
Natasha is heavily wounded.
Natasha casts a spell at you.
You feel as though you will be slow longer.
Natasha closely misses you.
Unknown command.
You slash Natasha!
You kill Natasha!
Natasha yowls pathetically as she dies!
Your Axes skill increases to level 3!
Your Armour skill increases to level 4!
You barely miss Terence. Terence barely misses you. x2
You hit Terence.
Terence is lightly wounded.
Terence misses you. You block Terence's attack.
You completely miss Terence.
Terence is lightly wounded.
Terence hits you but does no damage.
Terence zaps a wand.
The bolt of dispelling energy hits you.
Your magical effects are unravelling.
You closely miss Terence.
Terence is lightly wounded.
You feel yourself speed up. Terence hits you but does no damage.
Terence barely misses you.
You slash Terence!
Terence is heavily wounded.
Terence hits you but does no damage.
You closely miss Terence.
Terence is heavily wounded.
Terence zaps a wand.
The bolt of dispelling energy hits you!
Ouch! That really hurt!
* * * LOW HITPOINT WARNING * * *
You hit Terence but do no damage.
Terence is heavily wounded.
You block Terence's attack.
Terence zaps a wand.
The bolt of dispelling energy hits you.
You die...

.........#..
........#.#..#
...........
........@..##.#
.....<....
..........5#
#.#
.........#..#
#.# #.###
...........#
##.# #...#
..........#
#..####...#
......<..#
#........##
.........#
######..####..#
.........#
##>.@@...# ##.#
#......###
#..####.## #.#
...#####
####.## ..# #.#
.#..# #....#
..## ... ###.#
####.#####.##
... # #.#
#....# #.# ....
#.###.#### #.#
#.##..# #.####
#..#.##
######....


You could see Terence.

Vanquished Creatures
  Natasha (twice) (D:2)
  2 dart slugs (D:1)
  4 ball pythons
  A giant cockroach (D:1)
  4 goblins (D:1)
  2 hobgoblins
  4 jackals (D:2)
  2 quokkas (D:1)
  2 bats (D:1)
  5 frilled lizards
  A kobold (D:2)
  2 rats (D:1)
31 creatures vanquished.

Notes
Turn   | Place    | Note
-------+----------+-------------------------------------------
     0 | D:1      | bande the Gargoyle Fighter began the quest for the Orb.
     0 | D:1      | Reached XP level 1. HP: 14/14 MP: 1/1
   125 | D:1      | Reached XP level 2. HP: 18/19 MP: 2/2
   416 | D:1      | Reached XP level 3. HP: 23/23 MP: 3/3
   821 | D:2      | Noticed Natasha
   829 | D:2      | Killed Natasha
   830 | D:2      | Reached XP level 4. HP: 13/29 MP: 4/4
   858 | D:2      | Noticed Natasha
   870 | D:2      | Noticed Terence
  1194 | D:2      | Killed Natasha
  1195 | D:2      | Reached skill level 4 in Armour
  1200 | D:2      | HP: 1/29 [Terence/bolt of dispelling energy (17)]
  1201 | D:2      | Killed from afar by Terence

Illustrated notes

Levels and vault maps discovered:
D:1:      lemuel_arrival_muddy, layout_basic
D:2:      layout_rooms, shapermc_ecumenical_altar_notcrosses, uniq_natasha,
          uniq_terence
D:3:      layout_basic, mainiacjoe_overflow_small_starburst,
          minmay_misc_feat_columns, chequers_serial_rivers_micro_b

Skill      XL: |  1  2  3  4 |
---------------+-------------+-----
Axes           | 2 3 |  3.0
Armour         | 4 |  4.0
Fighting       | |  3.8
Shields        | |  3.6

Action                   |  1- 3 |  4- 6 || total
-------------------------+-------+-------++-------
Melee: War axe           |    69 |    13 ||    82
Armor: Scale mail        |    37 |     5 ||    42
Dodge: Dodged            |    42 |     8 ||    50
Block: Buckler           |    10 |     2 ||    12

Table legend: (Time is in decaauts)
 A = Elapsed time spent in this place.
 B = Non-inter-level travel time spent in this place.
 C = Inter-level travel time spent in this place.
 D = Time resting spent in this place.
 E = Time spent auto-exploring this place.
 F = Levels seen in this place.
 G = Mean time per level.
                   A        B        C        D        E       F      G
               +--------+--------+--------+--------+--------+-----+--------+
         Total |   1239 |   1239 |      0 |    328 |    650 |   3 |  413.0 |
       Dungeon |   1239 |   1239 |      0 |    328 |    650 |   3 |  413.0 |
               +--------+--------+--------+--------+--------+-----+--------+

Top non-repeatable levels by time:
     D:1: 600 daAuts
     D:2: 334 daAuts
     D:3: 304 daAuts
